 Dungeon Sprint DCSS version 0.29-a0-620-g13ace881f2 (webtiles) character file.

Game seed: 3942847911842880811

3306 rocky1 the Brawler (level 9, -2/94 HPs)
             Began as a White Draconian Transmuter on June 19, 2022.
             Was a High Priest of Sif Muna.
             Slain by a red devil
             ... wielding a +0 demon trident
              (7 damage)
             ... in the Dungeon (Sprint VII: "The Pits").
             The game lasted 00:08:31 (1637 turns).

rocky1 the Brawler (White Draconian Transmuter)     Turns: 1637, Time: 00:08:32

Health: -2/94      AC:  7    Str: 13    XL:     9   Next: 70%
Magic:  12/20      EV: 11    Int: 18    God:    Sif Muna [*****.]
Gold:   0          SH:  0    Dex: 11    Spells: 12/22 levels left

rFire   x . .      SeeInvis .     - Unarmed
rCold   + + +      Faith    .   (shield currently unavailable)
rNeg    . . .      Spirit   .   (body armour unavailable)
rPois   +          Reflect  .   (helmet currently unavailable)
rElec   .          Harm     .   (cloak currently unavailable)
rCorr   .          Rampage  .   (gloves currently unavailable)
Will    .....      NoTele   +   (boots currently unavailable)
Stlth   ++........              (no amulet)
HPRegen 0.25/turn               (no ring)
MPRegen 0.17/turn               (no ring)

@: ice-form, spiked, on berserk cooldown, very slightly contaminated, slowed,
very slow
A: freezing attack, amphibious, boosted hp, (breathe frost), AC +7, large,
unfitting armour, (cold resistance 1), (cold-blooded)
a: End Transformation, Renounce Religion, Channel Magic, Forget Spell, Divine
Exegesis


You were in the Dungeon.
You worshipped Sif Muna.
Sif Muna was extremely pleased with you.
You were a creature of crystalline ice.
You visited 1 branch

Inventory:

Armour
 n - a +0 cloak (melded)
Jewellery
 f - a +3 ring of dexterity
 k - a +3 ring of dexterity
Scrolls
 g - a scroll of blinking
 i - 5 scrolls of amnesia
 j - a scroll of summoning
Potions
 a - a potion of lignification
 b - 6 potions of curing
 c - 10 potions of heal wounds
 d - 4 potions of haste
 e - 4 potions of magic
 h - a potion of invisibility
 l - a potion of resistance


   Skills:
 + Level 7.1 Fighting
 + Level 6.2 Dodging
 - Level 1.3 Stealth
 + Level 16.7 Unarmed Combat
 + Level 7.4 Spellcasting
 + Level 7.5 Transmutations
 * Level 4.5 Ice Magic
 + Level 4.6 Invocations


You had 12 spell levels left.
You knew the following spells:

 Your Spells              Type           Power      Damage    Failure   Level
a - Beastly Appendage     Tmut           66%        N/A       1%          1
b - Wereblood             Tmut           33%        N/A       1%          2
c - Spider Form           Tmut/Pois      20%        N/A       7%          3
d - Ice Form              Ice/Tmut       28%        N/A       9%          4

Your spell library contained the following spells:

 Spells                   Type           Power      Damage    Failure   Level
 Summon Small Mammal      Summ           24%        N/A       11%         1
 Static Discharge         Conj/Air       6%         N/A       16%         2
 Conjure Flame            Conj/Fire      6%         6-21      30%         3
 Mephitic Cloud           Conj/Pois/Air  6%         N/A       30%         3
 Summon Guardian Golem    Hex/Summ       6%         N/A       30%         3
 Iskenderun's Mystic Bla  Conj/Tloc      6%         2d4       71%         4
 Sticky Flame             Conj/Fire      6%         2d3       71%         4
 Freezing Cloud           Conj/Ice/Air   6%         6-21      83%         5
 Death Channel            Necr           3%         N/A       100%        6
 Malign Gateway           Summ/Tloc      3%         N/A       100%        7
 Orb of Destruction       Conj           3%         9d5       100%        7
 Spellforged Servitor     Conj/Summ      3%         N/A       100%        7


Dungeon Overview and Level Annotations

Branches:
Dungeon (1/1)

Altars:
Ashenzari
Cheibriados
Dithmenos
Elyvilon
Fedhas
Gozag
Hepliaklqana
Kikubaaqudgha
Makhleb
Nemelex Xobeh
Okawaru
Qazlal
Ru
Sif Muna
Trog
Uskayaw
Vehumet
Wu Jian
Xom
Yredelemnul
Zin
The Shining One
Beogh
Jiyva
Lugonu


Innate Abilities, Weirdness & Mutations

You are a creature of crystalline ice.
You have a powerful freezing melee attack.
You are amphibious.
Your maximum health is increased.
Your armour is entirely melded.
You are incapable of wielding weapons or throwing items.
((You can breathe waves of freezing cold which knock back foes.))
((Your icy white scales are hard. (AC +7)))
You cannot fit into any form of body armour.
((Your flesh is cold resistant. (rC+)))
((You are cold-blooded and may be slowed by cold attacks.))


Message History

The demonic crawler hits you but does no damage.
The demonic crawler barely misses you.
You barely miss the demonic crawler.
The demonic crawler is almost dead.
Unknown command.
You pummel the demonic crawler!!
You kill the demonic crawler!
Sif Muna accepts your kill.
The red devil hits you from afar with a +0 demon trident!
* * * LOW HITPOINT WARNING * * *
Barbed spikes become lodged in your body.
Your Unarmed Combat skill increases to level 16!
Your Ice Magic skill gained 2 levels and is now at level 2!
You are too berserk!
You pummel the elephant!! You freeze the elephant!
The elephant is almost dead.
Unknown command.
You pummel the elephant!! You freeze the elephant.
You kill the elephant!
Sif Muna accepts your kill. The red devil completely misses you.
Your Dodging skill increases to level 6!
Your Ice Magic skill increases to level 3!
Unknown command.
The red devil completely misses you.
You pummel the bog body!! You freeze the bog body.
You destroy the bog body!
Sif Muna accepts your kill.
Your Fighting skill increases to level 7!
Your Ice Magic skill increases to level 4!
Unknown command.
You are too berserk!
The red devil closely misses you.
You feel a strong urge to attack something.
You are no longer berserk.
You are exhausted.
You feel yourself slow down.
The kobold throws a stone.
The stone hits you but does no damage.
The red devil hits you from afar with a +0 demon trident!
You die...

########### _________.#
_________.#
_______...###########++####
##########'##...............
#.?(.')))'.##......#..#.....
##########.##K..............
#.........(Y†4..............
#'#####'#####......#..#.....
#.#.....#[[##...............
#.#.....#))#####'#####''####
#.###'###))##.......##''#
#)#.....#))##.......##..#
#)#.....#..##.......##4.#
#[####)##'###...<...##..#
#)#........##.......##Y.#


You could see a red devil and a kobold.

Vanquished Creatures
  A two-headed ogre (D)
  A flayed ghost (D)
  A bog body (D)
  An elephant (D)
  A demonic crawler (D)
  2 flying skulls (D)
  A steam dragon (D)
  A floating eye (D)
  An ogre (D)
  A centaur (D)
  A kobold brigand (D)
  2 gnoll sergeants (D)
  A hound (D)
  A jelly (D)
  Jessica (D)
  A hell rat (D)
  9 gnolls (D)
  An adder (D)
  A river rat (D)
  An ufetubus (D)
  An orc (D)
  A bat zombie (D)
  An endoplasm (D)
  2 giant cockroaches (D)
  2 goblins (D)
  A kobold (D)
  A frilled lizard (D)
39 creatures vanquished.

Notes
Turn   | Place    | Note
-------+----------+-------------------------------------------
     0 | D        | rocky1 the Draconian Transmuter began the quest for the
                  | Orb.
     0 | D        | Reached XP level 1. HP: 16/16 MP: 3/3
    41 | D        | Found a bloodstained altar of Trog.
    41 | D        | Found a shimmering blue altar of Sif Muna.
    41 | D        | Found a viscous altar of Jiyva.
    41 | D        | Found a hazy altar of Hepliaklqana.
    41 | D        | Found an opulent altar of Gozag.
    42 | D        | Found a glowing golden altar of the Shining One.
    42 | D        | Found a glowing silver altar of Zin.
    42 | D        | Found a basalt altar of Yredelemnul.
    42 | D        | Found a shimmering altar of Xom.
    42 | D        | Found an ornate altar of the Wu Jian Council.
    42 | D        | Found a sacrificial altar of Ru.
    42 | D        | Found a stormy altar of Qazlal.
    42 | D        | Found an iron altar of Okawaru.
    42 | D        | Found a sparkling altar of Nemelex Xobeh.
    42 | D        | Found a burning altar of Makhleb.
    42 | D        | Found a blossoming altar of Fedhas.
    42 | D        | Found a white marble altar of Elyvilon.
    42 | D        | Found a shadowy altar of Dithmenos.
    42 | D        | Found a snail-covered altar of Cheibriados.
    45 | D        | Found a corrupted altar of Lugonu.
    45 | D        | Found a radiant altar of Vehumet.
    46 | D        | Found an ancient bone altar of Kikubaaqudgha.
    46 | D        | Found a hide-covered altar of Uskayaw.
    46 | D        | Found a broken altar of Ashenzari.
    47 | D        | Became a worshipper of Sif Muna the Loreminder
    75 | D        | Reached * piety under Sif Muna
    76 | D        | Reached XP level 2. HP: 20/26 MP: 3/5
   269 | D        | Noticed an ogre
   275 | D        | Reached ** piety under Sif Muna
   276 | D        | Reached skill level 4 in Unarmed Combat
   280 | D        | Killed an ogre
   281 | D        | Reached skill level 1 in Stealth
   281 | D        | Reached skill level 7 in Unarmed Combat
   281 | D        | Reached XP level 3. HP: 15/31 MP: 5/8
   281 | D        | Reached XP level 4. HP: 19/38 MP: 5/9
   620 | D        | Noticed Jessica
   620 | D        | Noticed a flying skull
   620 | D        | Noticed a gnoll sergeant
   621 | D        | Noticed a gnoll sergeant
   635 | D        | Reached *** piety under Sif Muna
   643 | D        | Killed a flying skull
   644 | D        | Reached skill level 10 in Unarmed Combat
   644 | D        | Reached XP level 5. HP: 35/46 MP: 9/11
   644 | D        | Reached XP level 6. HP: 39/52 MP: 9/12
   650 | D        | Reached skill level 11 in Unarmed Combat
   650 | D        | Reached **** piety under Sif Muna
   661 | D        | Reached ***** piety under Sif Muna
   665 | D        | Received a gift from Sif Muna
   668 | D        | Your scales start taking on an icy white colour.
   668 | D        | Reached XP level 7. HP: 29/59 MP: 11/14
   668 | D        | Gained mutation: Your flesh is cold resistant. (rC+) [White
                  | Draconian growth]
   668 | D        | Killed Jessica
   669 | D        | Reached skill level 12 in Unarmed Combat
   681 | D        | Got Sif Muna's Incunabulum of Supportive Confrontation {god
                  | gift}
   823 | D        | Learned a level 2 spell: Wereblood
   827 | D        | Learned a level 3 spell: Spider Form
   832 | D        | Learned a level 4 spell: Ice Form
   845 | D        | Noticed a two-headed ogre
   854 | D        | Killed a two-headed ogre
   855 | D        | Reached skill level 5 in Fighting
   855 | D        | Reached skill level 14 in Unarmed Combat
   855 | D        | Reached skill level 5 in Spellcasting
   855 | D        | Reached skill level 5 in Transmutations
   855 | D        | Reached XP level 8. HP: 19/68 MP: 13/16
  1150 | D        | Noticed a flying skull
  1162 | D        | Killed a flying skull
  1165 | D        | Received a gift from Sif Muna
  1171 | D        | Got Sif Muna's Compendium of Battle Magic and Evil Arts
                  | {god gift}
  1437 | D        | Noticed a flayed ghost
  1439 | D        | Reached skill level 5 in Dodging
  1444 | D        | Killed a flayed ghost
  1445 | D        | Reached skill level 15 in Unarmed Combat
  1445 | D        | Reached XP level 9. HP: 75/75 MP: 13/19
  1599 | D        | Noticed a red devil
  1599 | D        | Noticed an elephant
  1599 | D        | Noticed a demonic crawler
  1599 | D        | Noticed a bog body
  1630 | D        | Killed a demonic crawler
  1630 | D        | HP: 7/140 [red devil/+0 demon trident (14)]
  1631 | D        | Reached skill level 16 in Unarmed Combat
  1632 | D        | Killed an elephant
  1634 | D        | Killed a bog body
  1637 | D        | Slain by a red devil

Illustrated notes

Levels and vault maps discovered:
D:        pitsprint [storerooms_1, entrance_room_1, metal_vault_3, armoury_2,
          mini_pit_1, grid_room_1, main_hall_1, silver_pit, the_coven_2,
          the_vestibule_1, steel_vault_4, golden_pit, hallway_of_sentries,
          crystal_vault_4, iron_vault_2, final_vault]

Skill      XL: |  1  2  3  4  5  6  7  8  9 |
---------------+----------------------------+-----
Dodging        | 2 3 4 5 6 |  6.2
Fighting       | 3 4 5 6 7 |  7.1
Unarmed Combat | 7 10 11 14 15 16 | 16.7
Transmutations | 3 4 5 6 7 |  7.5
Stealth        | 1 |  1.3
Spellcasting   | 3 4 5 6 7 |  7.4
Invocations    | 3 4 |  4.6
Ice Magic      | 4 |  4.5

Action                   |  1- 3 |  4- 6 |  7- 9 || total
-------------------------+-------+-------+-------++-------
Melee: Unarmed           |    19 |    34 |    46 ||    99
       Headbutt          |     3 |     3 |     6 ||    12
       Tailslap          |     1 |     4 |     4 ||     9
       Kick              |     2 |     6 |     7 ||    15
       Punch             |       |     4 |     3 ||     7
 Cast: Beastly Appendage |     3 |     1 |     3 ||     7
       Ice Form          |       |       |     2 ||     2
 Abil: Breathe Frost     |       |       |     3 ||     3
  Use: Potion            |     1 |     2 |     4 ||     7
 Stab: Sleeping          |     1 |       |     1 ||     2
       Invisible         |       |     6 |       ||     6
Armor: Skin              |     5 |     7 |    16 ||    28
Dodge: Dodged            |    11 |    14 |    22 ||    47

Table legend: (Time is in decaauts)
 A = Elapsed time spent in this place.
 B = Non-inter-level travel time spent in this place.
 C = Inter-level travel time spent in this place.
 D = Time resting spent in this place.
 E = Time spent auto-exploring this place.
 F = Levels seen in this place.
 G = Mean time per level.
                   A        B        C        D        E       F      G
               +--------+--------+--------+--------+--------+-----+--------+
         Total |   1638 |   1580 |     58 |   1195 |      0 |   1 | 1638.0 |
       Dungeon |   1638 |   1580 |     58 |   1195 |      0 |   1 | 1638.0 |
               +--------+--------+--------+--------+--------+-----+--------+

Top non-repeatable levels by time:
       D: 1638 daAuts
